 Dungeon Sprint DCSS version 0.31-a0-204-g7da18cac08 (webtiles) character file.

Game seed: 3376204857667758259

18844 rocky1 the Shatterer (level 12, -10/93 HPs)
             Began as a Gargoyle Berserker on June 28, 2023.
             Was an Elder of Trog.
             Killed from afar by a black draconian knight (17 damage)
             ... with a bolt of cold
             ... in the Dungeon (Sprint VII: "The Pits").
             The game lasted 00:10:55 (3738 turns).

rocky1 the Shatterer (Gargoyle Berserker)           Turns: 3738, Time: 00:10:55

Health: -10/93     AC: 24    Str: 27    XL:     12   Next: 62%
Magic:  4/4        EV: 18    Int: 10    God:    Trog [****..]
Gold:   30         SH:  0    Dex: 14    Spells: 11/11 levels left

rFire   + . .        z - +6 great mace of Proximity {antimagic, Fly Dex+5}
rCold   + . .        (shield currently unavailable)
rNeg    + . .        v - +5 ring mail
rPois   ∞            y - +0 helmet
rElec   +            u - +0 cloak
rCorr   +            (no gloves)
SInv    .            (no boots)
Will    ++...        (no amulet)
Stlth   +            r - +3 ring of strength
HPRegen 1.35/turn    q - +3 ring of evasion
MPRegen 0.09/turn

%: no teleportation
@: resistant, strong-willed, flying, regenerating
A: sickness immunity, AC +8, negative energy resistance 1, electricity
resistance, torment resistance 1, petrification resistance
a: Renounce Religion, Berserk, Trog's Hand, Brothers in Arms


You were in the Dungeon.
You worshipped Trog.
Trog was greatly pleased with you.
You visited 1 branch You collected 30 gold pieces.

Inventory:

Hand Weapons
 a - a +4 great sword of flaming
 b - a +2 great mace of flaming
 h - a +0 antimagic great mace
 k - the +6 dire flail of Pestilence {heavy, Will+}
   (Trog gifted it to you in the Dungeon)

   Will:      It increases your willpower.
 n - a +3 heavy dire flail
 p - a +4 demon whip
 z - the +6 great mace of Proximity (weapon) {antimagic, Fly Dex+5}
   (Trog gifted it to you in the Dungeon)

   Dex:       It affects your dexterity (+5).
   Fly:       It grants you flight.
 A - a +2 heavy great mace
Armour
 u - a +0 cloak (worn)
 v - a +5 ring mail (worn)
 y - a +0 helmet (worn)
Jewellery
 q - a +3 ring of evasion (right hand)
 r - a +3 ring of strength (left hand)
 x - a ring of fire
Scrolls
 j - a scroll of summoning
 l - 2 scrolls of fear
 m - a scroll of identify
 o - 4 scrolls of enchant weapon
 w - 4 scrolls of enchant armour
Potions
 c - 5 potions of curing
 d - 11 potions of heal wounds
 e - 4 potions of haste
 f - 4 potions of magic
 g - 6 potions of berserk rage
 i - 2 potions of invisibility
 s - a potion of resistance
 t - 2 potions of might


   Skills:
 + Level 18.6 Fighting
 + Level 21.9 Maces & Flails
 + Level 12.9 Armour
 + Level 9.8 Dodging


You had 11 spell levels left.
You didn't know any spells.
Your spell library was empty.

Dungeon Overview and Level Annotations

Branches:
Dungeon (1/1)

Altars:

Annotations:
D Frances


Innate Abilities, Weirdness & Mutations

You are immune to sickness and miasma.
Your stone body is resilient. (AC +8)
You are immune to poison.
You resist negative energy. (rN+)
You are resistant to electric shocks. (rElec)
You are resistant to unholy torment.
You are immune to petrification.


Message History

The nagaraja casts a spell.
The nagaraja seems to speed up.
Unknown command.
You feel much better.
A bolt of lightning appears from out of thin air!
The bolt of lightning misses you.
The tormentor calls on the powers of darkness!
Something is bathed in an unholy light!
The deep elf demonologist convulses!
Your body is wracked with pain!
The deep elf death mage convulses!
The orc priest convulses!
The deep elf demonologist convulses!
You hear a shout! x2
Unknown command.
Your two-headed ogre goes berserk!
Trog will no longer gift you weapons. Something hits you!!
* * * LOW HITPOINT WARNING * * *
The lich casts a spell.
The lich flickers and vanishes!
Something hits you!
* * * LOW HITPOINT WARNING * * *
Unknown command.
As you read the scroll of fear, it crumbles to dust.
You assume a fearsome visage.
The ice devil looks frightened!
The tormentor looks frightened! x2; The Brimstone Fiend is unaffected.
The balrug resists with almost no effort.
The ice devil looks frightened!
The black draconian knight looks frightened!
The deep elf death mage resists with almost no effort.
The orc looks frightened!
The orc warrior looks frightened!
The orc priest looks frightened!
The orc looks frightened!
The orc warrior looks frightened!
The orc looks frightened!
The orc warrior looks frightened!
The orc looks frightened!
The deep elf demonologist resists with some effort.
Frances resists with some effort.
The deep elf demonologist easily resists.
The black draconian knight mumbles some strange words.
The black draconian knight flickers and vanishes!
You hear some strange, mumbled words.
A bolt of cold appears from out of thin air!
The bolt of cold hits you! You resist.
You die...

#†.#
#†.#
#..#
#..#
#..#
#..#
#.O#
#..#
#@§#
#e{#
#2e#
o{{#
.42o#
#.@oo#
.oo4e#
22.o1.#
...#.4.#


You could see Frances, a Brimstone Fiend (summoned), a balrug (summoned), a deep
elf death mage, 2 deep elf demonologists, 2 ice devils, 2 tormentors, 3 orc
warriors, an orc priest (fleeing), 3 orcs and a friendly two-headed ogre
(summoned, berserk).

Vanquished Creatures
  A two-headed ogre (D)
  A boulder beetle (D)
  A demonic crawler (D)
  A shadow wraith (D)
  A sea snake (D)
  A flayed ghost (D)
  A spriggan druid (D)
  An orc knight (D)
  A bog body (D)
  3 elephants (D)
  2 eyes of devastation (D)
  A molten gargoyle (D)
  A cane toad (D)
  An unseen horror (D)
  A rime drake (D)
  A komodo dragon (D)
  A freezing wraith (D)
  A guardian mummy (D)
  An ice devil (D)
  A tyrant leech (D)
  5 dream sheep (D)
  A tarantella (D)
  A jumping spider (D)
  A vampire (D)
  A spriggan (D)
  A ynoxinul (D)
  A wraith (D)
  10 yaks (D)
  A redback (D)
  2 chaos spawn (D)
  Pargi (D)
  An orc warrior (D)
  An ice beast (D)
  A centaur (D)
  A necrophage (D)
  A bullfrog (D)
  A scorpion (D)
  An earth elemental (D)
  11 killer bees (D)
  A crimson imp (D)
  An orc priest (D)
  An iguana (D)
  2 iron imps (D)
  An orc wizard (D)
  A gnoll (D)
  A river rat (D)
  A worm (D)
  5 orcs (D)
  2 giant cockroaches (D)
  A goblin (D)
  A hobgoblin (D)
  3 jackals (D)
  2 kobolds (D)
  A quokka (D)
  2 ball pythons (D)
  A ball python skeleton (D)
  2 frilled lizards (D)
  A giant cockroach zombie (D)
  A jackal simulacrum (D)
97 creatures vanquished.

Vanquished Creatures (collateral kills)
  3 nagarajas (D)
  An orc warlord (D)
  A dire elephant (D)
  A deep elf death mage (D)
  A deep troll (D)
  A flying skull (D)
  2 yaks (D)
  Eustachio (D)
  A warg (D)
  A floating eye (D)
  2 orc warriors (D)
  An ogre (D)
  An orc wizard (D)
17 creatures vanquished.

Vanquished Creatures (others)
  A killer bee (D)
  An orc wizard (D)
2 creatures vanquished.

Grand Total: 116 creatures vanquished

Notes
Turn   | Place    | Note
-------+----------+-------------------------------------------
     0 | D        | rocky1 the Gargoyle Berserker began the quest for the Orb.
     0 | D        | Reached XP level 1. HP: 14/14 MP: 1/1
    58 | D        | Reached ** piety under Trog
   222 | D        | Reached skill level 4 in Maces & Flails
   222 | D        | Reached XP level 2. HP: 20/20 MP: 2/2
   367 | D        | Reached *** piety under Trog
   375 | D        | Reached skill level 5 in Fighting
   375 | D        | Reached XP level 3. HP: 26/26 MP: 3/3
   554 | D        | Noticed an orc warrior
   556 | D        | Noticed a necrophage
   561 | D        | Killed an orc warrior
   562 | D        | Reached skill level 6 in Maces & Flails
   562 | D        | Reached XP level 4. HP: 32/32 MP: 4/4
   562 | D        | Reached XP level 5. HP: 37/37 MP: 5/5
   563 | D        | Reached skill level 7 in Maces & Flails
   563 | D        | Reached **** piety under Trog
   570 | D        | Reached ***** piety under Trog
   571 | D        | Reached skill level 8 in Maces & Flails
   571 | D        | Reached XP level 6. HP: 45/45 MP: 6/6
   574 | D        | Received a gift from Trog
   575 | D        | Reached skill level 9 in Maces & Flails
   747 | D        | Noticed an orc knight
   754 | D        | Killed an orc knight
   755 | D        | Reached skill level 10 in Fighting
   755 | D        | Reached skill level 11 in Maces & Flails
   755 | D        | Reached skill level 5 in Dodging
   755 | D        | Reached XP level 7. HP: 28/53 MP: 7/7
  1060 | D        | Noticed Pargi
  1067 | D        | Killed Pargi
  1068 | D        | Reached skill level 12 in Maces & Flails
  1068 | D        | Reached XP level 8. HP: 59/59 MP: 8/8
  1186 | D        | Noticed a bog body
  1186 | D        | Noticed a rime drake
  1195 | D        | Killed a rime drake
  1196 | D        | Reached skill level 13 in Maces & Flails
  1196 | D        | Received a gift from Trog
  1200 | D        | Killed a bog body
  1201 | D        | Reached skill level 14 in Maces & Flails
  1201 | D        | Reached XP level 9. HP: 65/65 MP: 9/9
  1348 | D        | Noticed a sea snake
  1348 | D        | Noticed a guardian mummy
  1353 | D        | Killed a sea snake
  1354 | D        | Reached skill level 15 in Maces & Flails
  1357 | D        | Killed a guardian mummy
  1610 | D        | Noticed a demonic crawler
  1622 | D        | Killed a demonic crawler
  1623 | D        | Reached skill level 16 in Maces & Flails
  1623 | D        | Received a gift from Trog
  1650 | D        | Killed a shadow wraith
  1651 | D        | Reached XP level 10. HP: 50/73 MP: 10/10
  1675 | D        | Noticed a molten gargoyle
  1683 | D        | Reached skill level 17 in Maces & Flails
  1688 | D        | Killed a molten gargoyle
  1688 | D        | Received a gift from Trog
  1733 | D        | Noticed a flayed ghost
  1736 | D        | Killed a flayed ghost
  1740 | D        | Reached ****** piety under Trog
  1909 | D        | Noticed an elephant
  1920 | D        | Killed an elephant
  1921 | D        | Reached skill level 18 in Maces & Flails
  1921 | D        | Reached skill level 10 in Armour
  1925 | D        | Received a gift from Trog
  1937 | D        | Reached XP level 11. HP: 27/80 MP: 11/11
  2100 | D        | Reached skill level 15 in Fighting
  2134 | D        | Noticed a spriggan druid
  2145 | D        | Received a gift from Trog
  2148 | D        | Reached skill level 19 in Maces & Flails
  2153 | D        | Killed a spriggan druid
  2166 | D        | Identified the +6 great mace of Proximity {antimagic, Fly
                  | Dex+5} (Trog gifted it to you in the Dungeon)
  2166 | D        | Received a gift from Trog
  2314 | D        | Noticed a two-headed ogre
  2314 | D        | Noticed Eustachio
  2314 | D        | Noticed a deep troll
  2315 | D        | Paralysed by a floating eye for 2 turns
  2319 | D        | Paralysed by a floating eye for 3 turns
  2324 | D        | Killed a deep troll
  2325 | D        | Killed Eustachio
  2325 | D        | Received a gift from Trog
  2340 | D        | Killed a two-headed ogre
  2341 | D        | Reached skill level 20 in Maces & Flails
  2349 | D        | Identified the +6 dire flail of Pestilence {heavy, Will+}
                  | (Trog gifted it to you in the Dungeon)
  2349 | D        | Received a gift from Trog
  2519 | D        | Noticed a boulder beetle
  2532 | D        | Killed a boulder beetle
  2533 | D        | Reached XP level 12. HP: 91/91 MP: 12/12
  2815 | D        | Received a gift from Trog
  2954 | D        | Received a gift from Trog
  3560 | D        | Reached skill level 21 in Maces & Flails
  3709 | D        | Noticed a dire elephant
  3709 | D        | Noticed an orc warlord
  3709 | D        | Noticed a nagaraja
  3709 | D        | Noticed a deep elf death mage
  3713 | D        | Killed a dire elephant
  3715 | D        | Noticed a nagaraja
  3716 | D        | Noticed a deep elf demonologist
  3716 | D        | Killed a nagaraja
  3717 | D        | Noticed a sphinx
  3718 | D        | Noticed a deep elf death mage
  3718 | D        | Received a gift from Trog
  3720 | D        | Killed an orc warlord
  3721 | D        | Noticed a nagaraja
  3721 | D        | Noticed a deep elf demonologist
  3722 | D        | Noticed a lich
  3725 | D        | Noticed a blizzard demon
  3725 | D        | Noticed a deep elf annihilator
  3726 | D        | Noticed a Brimstone Fiend
  3727 | D        | Noticed Frances
  3728 | D        | Noticed a balrug
  3733 | D        | Noticed a black draconian knight
  3733 | D        | Noticed a nagaraja
  3733 | D        | Killed a deep elf death mage
  3734 | D        | Killed a nagaraja
  3735 | D        | Killed a nagaraja
  3735 | D        | Received a gift from Trog
  3738 | D        | Killed from afar by a black draconian knight

Illustrated notes

Levels and vault maps discovered:
D:        pitsprint [storerooms_1, entrance_room_1, metal_vault_4, armoury_3,
          mini_pit_1, grid_room_1, main_hall_1, silver_pit, the_coven_2,
          the_vestibule_1, steel_vault_1, golden_pit, hallway_of_sentries,
          crystal_vault_1, iron_vault_3, final_vault]

Skill      XL: |  1  2  3  4  5  6  7  8  9 10 11 12 |
---------------+-------------------------------------+-----
Fighting       | 4 5 6 8 10 11 13 14 17 18 | 18.6
Maces & Flails | 4 6 8 11 12 14 16 18 20 21 | 21.9
Dodging        | 2 3 5 6 7 8 9 |  9.8
Armour         | 3 4 6 7 8 10 12 | 12.9

Action                     |  1- 3 |  4- 6 |  7- 9 | 10-12 || total
---------------------------+-------+-------+-------+-------++-------
  Melee: Mace              |    26 |    18 |       |       ||    44
         Dire flail        |       |     6 |    50 |    49 ||   105
         Great mace        |       |       |       |   129 ||   129
 Invoke: Berserk           |     4 |     1 |     3 |     2 ||    10
         Trog's Hand       |     1 |     1 |     2 |     3 ||     7
         Brothers in Arms  |       |       |       |     8 ||     8
    Use: Potion            |       |       |     2 |     6 ||     8
         Scroll            |       |       |     1 |     1 ||     2
   Stab: Distracted        |       |       |       |     1 ||     1
 Armour: Animal skin       |     6 |       |       |       ||     6
         Chain mail        |     3 |     9 |       |       ||    12
         Plate armour      |       |       |    19 |       ||    19
         Ring mail         |       |       |    17 |   101 ||   118
  Dodge: Dodged            |    12 |    10 |    24 |   173 ||   219

Table legend: (Time is in decaauts)
 A = Elapsed time spent in this place.
 B = Non-inter-level travel time spent in this place.
 C = Inter-level travel time spent in this place.
 D = Time resting spent in this place.
 E = Time spent auto-exploring this place.
 F = Levels seen in this place.
 G = Mean time per level.
                   A        B        C        D        E       F      G
               +--------+--------+--------+--------+--------+-----+--------+
         Total |   3820 |   3757 |     63 |   2818 |      0 |   1 | 3820.0 |
       Dungeon |   3820 |   3757 |     63 |   2818 |      0 |   1 | 3820.0 |
               +--------+--------+--------+--------+--------+-----+--------+

Top non-repeatable levels by time:
       D: 3820 daAuts
